Map: 글리터링 애쉬즈 - 래더

Players

DPGZest (Zest) - Winner!

  • Race: Protoss Protoss

Bunny

  • Race: Terran Terran
  • League: Bronze

Event: StayAtHome Story Cup #4

VOD

Have the link to the VOD?

Description

Time

  • Played on: Oct. 22, 2021, 8:29 a.m.
  • Length: 9:31

All games in this series

Show
View Real Time Build Order
Export as new Build Order

DPGZest Protoss - Winner!

Build Orders: 1 Gate Expand, Blink Stalkers 

Get SALT Encoding   

  12  0:00  Probe  
  13  0:12  Probe  
  14  0:18  Pylon  
  14  0:24  Probe (Chrono Boost)  
  15  0:38  Probe (Chrono Boost)  
  15  0:40  Gateway  
  16  0:44  Probe (Chrono Boost)  
  16  0:48  Assimilator  
  17  0:52  Probe  
  18  1:04  Probe  
  19  1:17  Probe  
  20  1:27  Cybernetics Core  
  20  1:35  Nexus  
  20  1:37  Probe  
  21  1:44  Pylon  
  21  1:49  Probe  
  21  1:52  Assimilator  
  22  2:01  Probe, Adept (Chrono Boost)  
  22  2:04  Warp Gate  
  25  2:13  Probe  
  26  2:25  Probe  
  26  2:26  Twilight Council  
  27  2:35  Stalker  
  29  2:37  Probe  
  30  2:45  Gateway  
  30  2:47  Probe  
  30  2:50  Probe  
  32  2:54  Blink (Chrono Boost)  
  32  2:59  Probe  
  32  3:02  Probe  
  34  3:11  Probe  
  35  3:14  Probe  
  36  3:21  Robotics Facility  
  36  3:23  Probe  
  36  3:26  Probe  
  38  3:35  Probe  
  38  3:38  Probe  
  40  3:42  Gateway x2  
  40  3:46  Pylon  
  40  3:48  Probe  
  41  3:50  Probe  
  41  3:52  Stalker x2  
  46  4:00  Pylon  
  46  4:03  Assimilator  
  46  4:04  Probe  
  46  4:07  Warp Prism (Chrono Boost)  
  49  4:18  Stalker x2  
  49  4:23  Pylon  
  53  4:41  Stalker x4  
  53  4:44  Pylon  
  61  4:49  Probe  
  63  4:58  Pylon  
  62  5:04  Stalker x3  
  62  5:05  Stalker  
  70  5:08  Pylon, Probe x2  
  70  5:11  Assimilator  
  58  5:39  Stalker x4  
  66  5:44  Probe x2  
  68  5:56  Nexus  
  68  5:57  Templar Archives  
  68  5:59  Pylon, Probe x2  
  70  6:07  Charge (Chrono Boost)  
  70  6:11  Probe x2  
  72  6:14  Psionic Storm  
  72  6:23  Probe  
  73  6:30  Probe  
  74  6:32  Gateway  
  74  6:34  Gateway  
  74  6:35  Probe  
  74  6:36  Gateway  
  74  6:38  Gateway  
  75  6:43  Probe  
  75  6:46  High Templar  
  78  6:47  Probe  
  78  6:49  High Templar  
  81  6:55  Probe  
  81  6:59  Probe  
  81  7:01  High Templar  
  83  7:04  Gateway  
  83  7:06  Gateway  
  83  7:09  Probe  
  83  7:11  Probe x2  
  83  7:12  Immortal (Chrono Boost)  
  90  7:21  Probe  
  91  7:23  Probe  
  91  7:24  Sentry, Probe, Zealot  
  91  7:25  Zealot  
  91  7:28  Pylon  
  91  7:39  Stalker x4, Zealot  
  100  7:49  Probe x3  
  99  7:54  High Templar  
  99  7:55  Zealot x2  
  105  8:01  Probe  
  105  8:02  Zealot  
  105  8:03  Zealot  
  105  8:04  Zealot x2  
  114  8:08  High Templar, Zealot  
  110  8:26  High Templar, Zealot x6  
  120  8:31  Probe x2  
  120  8:32  Probe  
  123  8:35  Pylon  
  119  8:57  High Templar x2, Archon, Zealot  
  119  8:58  Zealot x2  
  127  9:08  Archon  
  123  9:12  Zealot x5  
  120  9:22  Archon  
  114  9:29  Stalker x5  
Show
View Real Time Build Order
Export as new Build Order

Bunny Terran 

Build Orders: Reaper Expand 

Get SALT Encoding   

  12  0:00  SCV  
  13  0:12  SCV  
  14  0:16  Supply Depot  
  14  0:24  SCV  
  15  0:38  SCV  
  15  0:39  Barracks  
  15  0:42  Refinery  
  16  0:50  SCV  
  17  1:02  SCV  
  18  1:14  SCV  
  19  1:26  Orbital Command  
  19  1:27  Reaper  
  20  1:46  Command Center  
  20  1:51  Supply Depot  
  20  1:52  SCV  
  21  1:59  Barracks Reactor  
  21  2:05  SCV  
  22  2:17  SCV  
  22  2:22  Command Center  
  23  2:29  SCV  
  24  2:33  Bunker  
  24  2:35  Marine x2  
  26  2:41  SCV  
  27  2:47  Barracks  
  27  2:53  SCV  
  27  2:54  Marine x2  
  30  3:01  Orbital Command  
  30  3:05  SCV  
  31  3:11  Marine x2  
  33  3:17  SCV  
  33  3:19  Engineering Bay  
  35  3:27  SCV  
  35  3:29  SCV, Marine x2  
  38  3:36  Barracks Tech Lab  
  38  3:39  Orbital Command  
  38  3:40  SCV  
  39  3:41  SCV  
  39  3:46  Terran Infantry Weapons Level 1  
  39  3:47  Marine x2  
  42  3:48  Refinery  
  42  3:53  SCV x2  
  44  3:57  Stimpack  
  44  3:58  Marine  
  45  4:05  SCV x2, Marine x2  
  45  4:06  SCV  
  50  4:11  Barracks  
  50  4:16  Marauder  
  52  4:21  Factory  
  52  4:22  SCV  
  52  4:23  SCV x2, Marine x2  
  57  4:29  Supply Depot  
  57  4:31  Refinery  
  57  4:33  Refinery  
  57  4:36  SCV x2  
  57  4:37  Marauder  
  61  4:45  Supply Depot  
  61  4:47  Supply Depot  
  61  4:51  SCV, Marine x2  
  64  4:53  Bunker  
  64  4:58  SCV x2  
  64  4:59  Marauder  
  67  5:00  Bunker  
  67  5:03  SCV, Barracks Tech Lab  
  68  5:08  Supply Depot  
  68  5:09  Marine x2  
  68  5:11  Starport  
  68  5:12  Factory Reactor  
  70  5:21  Marauder  
  68  5:23  Marauder  
  68  5:26  Marine  
  57  5:30  Combat Shield  
  57  5:32  Marine  
  52  5:36  SCV x2  
  53  5:44  Marine  
  53  5:46  Concussive Shells  
  53  5:47  SCV  
  53  5:48  SCV x2  
  55  5:57  Supply Depot  
  55  5:59  Terran Infantry Armor Level 1  
  55  6:01  Factory Reactor  
  55  6:02  SCV x3  
  58  6:07  Marine x4  
  60  6:14  SCV x2  
  60  6:16  Medivac  
  56  6:31  SCV x3  
  57  6:37  Marauder x2, Marine x2  
  63  6:42  Medivac  
  63  6:43  SCV x3  
  63  6:46  Medivac  
  70  6:52  Widow Mine x2  
  72  6:55  SCV x2, Marine  
  72  6:56  Marine  
  72  7:01  Marauder  
  75  7:03  Marauder  
  78  7:08  SCV x3  
  84  7:15  Widow Mine x2  
  84  7:17  Medivac  
  84  7:20  SCV x3  
  89  7:23  Medivac  
  89  7:28  Supply Depot  
  93  7:30  Marauder  
  93  7:32  Marine x2  
  93  7:41  Widow Mine x2  
  96  7:47  Orbital Command  
  96  7:48  Barracks  
  96  7:49  Barracks, Marauder, Marine  
  92  7:51  Marauder  
  92  7:54  SCV x2  
  94  7:58  Missile Turret  
  94  8:00  Medivac x2  
  94  8:04  Armory  
  98  8:08  Widow Mine, Missile Turret  
  98  8:10  Widow Mine  
  102  8:19  Marauder x2, Marine  
  97  8:20  Marine  
  95  8:29  Widow Mine, Medivac  
  95  8:31  Widow Mine  
  101  8:35  Ghost Academy  
  101  8:38  SCV x2  
  101  8:40  Marine x2  
  105  8:41  Barracks Reactor  
  105  8:42  Barracks Tech Lab  
  103  8:51  Marauder x2  
  102  8:55  Widow Mine x2  
  102  8:58  Marine x2  
  105  9:03  Marauder  
Tags
 
Add a new tag
Caveats
  • Supply blocks, unpowered buildings, or Contaminate may cause inaccurate times.
  • Supply counts are checked every 10 seconds.